 Dungeon Crawl Stone Soup version 0.30.1 (webtiles) character file.

Game seed: 7137304526413822685

1068 Graphine the Poker (level 8, -2/61 HPs)
             Began as a Merfolk Gladiator on July 6, 2023.
             Was a Follower of Qazlal.
             Killed from afar by Maggie (32 damage)
             ... with a bolt of fire
             ... on level 6 of the Dungeon.
             The game lasted 00:08:56 (3838 turns).

Graphine the Poker (Merfolk Gladiator)              Turns: 3838, Time: 00:08:57

Health: -2/61      AC:  3    Str: 14    XL:     8   Next: 28%
Magic:  10/10      EV: 26    Int:  9    God:    Qazlal [*.....]
Gold:   328        SH:  1    Dex: 16    Spells: 7/7 levels left

rFire   . . .        a - +3 glaive (distort)
rCold   . . .        (shield currently unavailable)
rNeg    . . .        (no body armour)
rPois   .            c - +1 helmet
rElec   .            (no cloak)
rCorr   .            (no gloves)
SInv    .            m - +0 pair of boots
Will    .....        (no amulet)
Stlth   +            f - +5 ring of evasion
HPRegen 0.30/turn    h - +5 ring of evasion
MPRegen 0.12/turn

%: no passive effects
@: no status effects
A: (nimble swimmer 2), mertail
a: Renounce Religion


You were on level 6 of the Dungeon.
You worshipped Qazlal.
Qazlal was aware of your devotion.
You visited 1 branch of the dungeon, and saw 6 of its levels.
You also visited: Ossuary.

You collected 328 gold pieces.

Inventory:

Hand Weapons
 a - a +3 glaive of distortion (weapon)
Missiles
 d - 3 throwing nets
 e - a javelin
 x - 5 boomerangs (quivered)
Armour
 b - a +0 leather armour
 c - a +1 helmet (worn)
 m - a +0 pair of boots (worn)
 n - a +2 chain mail of poison resistance
Jewellery
 f - a +5 ring of evasion (left hand)
 h - a +5 ring of evasion (right hand)
 j - a ring of flight
 q - a ring of fire
Wands
 r - a wand of flame (22)
 w - a wand of polymorph (13)
 y - a wand of quicksilver (15)
Scrolls
 k - 4 scrolls of identify
 u - a scroll of noise {unknown}
 z - a scroll of fear
Potions
 g - 2 potions of mutation {unknown}
 i - 3 potions of curing
 l - a potion of resistance {unknown}
 o - 2 potions of haste {unknown}
 p - a potion of ambrosia {unknown}
 s - a potion of berserk rage {unknown}
 t - a potion of attraction {unknown}
 v - 2 potions of cancellation {unknown}


   Skills:
 + Level 4.5 Fighting
 * Level 7.8 Polearms
 + Level 4.0 Throwing
 * Level 7.8 Dodging
 + Level 3.1 Invocations


You had 7 spell levels left.
You didn't know any spells.
Your spell library contained the following spells:

 Spells                   Type           Power      Damage    Failure   Level
 Apportation              Tloc           0%         N/A       38%         1
 Foxfire                  Conj/Fire      0%         2x1d4     38%         1
 Magic Dart               Conj           0%         1d3       38%         1
 Call Imp                 Summ           0%         N/A       52%         2
 Mephitic Cloud           Conj/Pois/Air  0%         N/A       77%         3
 Alistair's Intoxication  Tmut/Pois      0%         N/A       100%        5
 Fireball                 Conj/Fire      0%         3d3       100%        5
 Plasma Beam              Fire/Air       0%         2x1d11    100%        6
 Starburst                Conj/Fire      0%         6d3       100%        6


Dungeon Overview and Level Annotations

Branches:
Dungeon (7/15)             Temple (0/1) D:6         Ossuary (visited)

Altars:
Qazlal
Wu Jian

Shops:
D:3 :

Annotations:
D:6 Maggie
Abyss:1 Crazy Yiuf


Innate Abilities, Weirdness & Mutations

((You are very nimble when in or above water. (Stealth+, EV+, Speed+++)))
Your lower body shifts to a powerful aquatic tail in water.


Message History

A jelly comes into view.
Found 13 gold pieces.
The jelly quivers.
You reach to attack!
You slice the jelly!!
You kill the jelly!
Qazlal accepts your kill.
No target in view!
You now have 315 gold pieces (gained 8).
You now have 328 gold pieces (gained 13).
Found 5 boomerangs.
Found a spear.
You see here 5 boomerangs.
x - 5 boomerangs An ufetubus comes into view.
The ufetubus shouts!
The ufetubus completely misses you. The ufetubus misses you.
You slash the ufetubus!
You kill the ufetubus!
Qazlal accepts your kill.
z - a scroll of fear
Found a dagger.
Found an escape hatch in the ceiling.
Maggie the Vainglorious comes into view.
She is wielding a +1 glaive of distortion.
You throw a boomerang. The boomerang hits Maggie.
Maggie shouts!
Maggie is lightly wounded.
Maggie drinks a potion.
Maggie's spells are empowered!
You throw a boomerang. The boomerang barely misses Maggie.
You throw a boomerang. The boomerang closely misses Maggie.
Maggie gestures at you while chanting. The bolt of fire misses you.
You throw a boomerang. The boomerang hits Maggie.
Maggie is lightly wounded.
Maggie points at you and mumbles some strange words.
The bolt of fire hits you!!
Ouch! That really hurt!
Maggie casts a spell at you. The bolt of fire hits you!!
Ouch! That really hurt!
You die...

....#########.#
.@.............
...............
............... #.
............... ##.
............... #..
...............)....##.#
......ยง@............##..
....<...............#...
....................#...
....................#...
....................#...
........................
.)......................
....................#...
....................#...


You could see Maggie (empowered).

Vanquished Creatures
  A wyvern (D:7)
  2 wraiths (Ossuary)
  A bullfrog (D:7)
  3 wights (Ossuary)
  An orc priest (D:4)
  A jelly (D:6)
  A hound (D:4)
  Jessica (D:3)
  A sleepcap (D:4)
  2 orc wizards (D:4)
  6 adders
  An ufetubus (D:6)
  2 adder zombies (Ossuary)
  A worm (D:2)
  2 dart slugs
  5 orcs
  13 ball pythons
  4 bats
  8 endoplasms
  7 giant cockroaches
  3 goblins
  5 hobgoblins
  3 jackals (D:1)
  4 kobolds
  3 quokkas
  A frilled lizard (D:1)
  3 hobgoblin zombies (Ossuary)
  2 kobold zombies (Ossuary)
  4 rats
91 creatures vanquished.

Notes
Turn   | Place    | Note
-------+----------+-------------------------------------------
     0 | D:1      | Graphine the Merfolk Gladiator began the quest for the Orb.
     0 | D:1      | Reached XP level 1. HP: 16/16 MP: 1/1
   114 | D:1      | Reached XP level 2. HP: 22/22 MP: 2/2
   520 | D:1      | Reached XP level 3. HP: 25/28 MP: 3/3
  1002 | D:2      | Found a faded altar of an unknown god.
  1276 | D:2      | Reached skill level 5 in Dodging
  1276 | D:2      | Reached XP level 4. HP: 20/34 MP: 4/4
  1415 | D:2      | Found a stormy altar of Qazlal.
  1436 | D:2      | Became a worshipper of Qazlal Stormbringer
  1511 | D:2      | Reached skill level 5 in Polearms
  1614 | D:2      | Identified a scroll of acquirement
  1614 | D:2      | Acquired a +2 glaive of distortion
  1795 | D:3      | Found Nennecu's Book Shoppe.
  2023 | D:3      | Found a runed translucent door.
  2024 | D:3      | Noticed Crazy Yiuf
  2289 | D:3      | Noticed Jessica
  2292 | D:3      | Killed Jessica
  2293 | D:3      | Reached XP level 5. HP: 41/41 MP: 5/5
  2375 | D:3      | Banished Crazy Yiuf
  2497 | D:4      | Found a sand-covered staircase.
  2502 | Ossuary  | Entered an ossuary
  2538 | Ossuary  | Reached skill level 1 in Invocations
  2551 | Ossuary  | Reached * piety under Qazlal
  2564 | Ossuary  | Reached XP level 6. HP: 47/47 MP: 5/7
  2609 | Ossuary  | Noticed a wraith
  2609 | Ossuary  | Noticed a flying skull
  2616 | Ossuary  | Noticed a flying skull
  2618 | Ossuary  | Noticed a flying skull
  2644 | Ossuary  | Noticed a flying skull
  2664 | Ossuary  | Noticed a flying skull
  2669 | Ossuary  | Noticed a wraith
  2677 | Ossuary  | Killed a wraith
  2678 | Ossuary  | Reached XP level 7. HP: 38/53 MP: 8/8
  2751 | Ossuary  | Noticed a wraith
  2759 | Ossuary  | Killed a wraith
  3353 | D:4      | You fall into a shaft and drop 3 floors!
  3360 | D:7      | Noticed a wyvern
  3369 | D:7      | Killed a wyvern
  3370 | D:7      | Reached XP level 8. HP: 12/61 MP: 10/10
  3550 | D:7      | Found an ornate altar of the Wu Jian Council.
  3752 | D:6      | Found a staircase to the Ecumenical Temple.
  3834 | D:6      | Noticed Maggie
  3838 | D:6      | Killed from afar by Maggie

Illustrated notes

Levels and vault maps discovered:
D:1:      dpeg_arrival_round_b, layout_basic, minmay_ruptured
D:2:      layout_loops_cross, shapermc_ecumenical_altar_venn, basic_altar
D:3:      layout_basic, serial_shops, nicolae_diamond_shop, kennysheep_doodads,
          kennysheep_decorative_pillar, dreamdust_mushroom_princess,
          uniq_jessica, uniq_crazy_yiuf_cottage
D:4:      layout_basic, nicolae_ossuary_entry_ruins, grunt_ministairs_2,
          uniq_edmund
D:6:      layout_basic, minmay_temple_entry_sparse_star, uniq_maggie
D:7:      minmay_recursive_quarters, layout_basic, old_standard_altar,
          hex_medium, nicolae_figureground_pulse

Skill      XL: |  1  2  3  4  5  6  7  8 |
---------------+-------------------------+-----
Dodging        | 5 6 7 |  7.8
Polearms       | 5 6 7 |  7.8
Fighting       | 3 4 |  4.5
Invocations    | 1 2 3 |  3.1
Throwing       | 3 4 |  4.0

Action                     |  1- 3 |  4- 6 |  7- 9 || total
---------------------------+-------+-------+-------++-------
  Melee: Trident           |   136 |    16 |       ||   152
         Glaive            |       |    67 |    62 ||   129
  Throw: Boomerang         |       |       |     4 ||     4
    Use: Scroll            |     3 |     3 |     6 ||    12
         Potion            |       |       |     1 ||     1
   Stab: Sleeping          |     6 |     5 |       ||    11
 Armour: Leather armour    |    24 |     8 |     5 ||    37
         Skin              |       |       |     1 ||     1
  Dodge: Dodged            |    81 |    69 |    56 ||   206
  Block: Other             |       |       |     3 ||     3
